 Dungeon Crawl Stone Soup version 0.22-a0-799-g88f5e90 (webtiles) character file.

25 riteheju the Ducker (level 2, -2/22 HPs)
             Began as a Demonspawn Gladiator on July 21, 2018.
             Slain by an ogre
             ... wielding a +0 giant club
              (17 damage)
             ... on level 2 of the Dungeon.
             The game lasted 00:06:01 (861 turns).

riteheju the Ducker (Demonspawn Gladiator)           Turns: 861, Time: 00:06:02

Health: -2/22      AC:  4    Str: 14    XL:     2   Next: 86%
Magic:  0/2        EV: 13    Int:  9    God:
Gold:   36         SH:  0    Dex: 14    Spells: 1/1 levels left

rFire    . . .     SeeInvis .   a - +0 trident
rCold    . . .     Gourm    .   (no shield)
rNeg     . . .     Faith    .   b - +0 leather armour
rPois    .         Spirit   +   c - +0 helmet
rElec    .         Reflect  .   (no cloak)
rCorr    .         Harm     .   (no gloves)
MR       .....                  (no boots)
Stlth    +.........             (no amulet)
HPRegen  0.07/turn              (no ring)
MPRegen  0.08/turn              (no ring)

@: no status effects
A: magic shield
a: no special abilities


You were on level 2 of the Dungeon.
You were not hungry.

You visited 1 branch of the dungeon, and saw 2 of its levels.

You collected 36 gold pieces.

Inventory:

Hand Weapons
 a - a +0 trident (weapon)
Missiles
 d - 3 throwing nets (quivered)
Armour
 b - a +0 leather armour (worn)
 c - a +0 helmet (worn)
Scrolls
 e - a scroll of fog {unknown}
 g - a scroll of identify {unknown}
 h - a scroll of amnesia {unknown}
 i - a scroll of remove curse {unknown}
 k - a scroll of random uselessness {unknown}
Potions
 j - a potion of curing {unknown}
Comestibles
 f - 2 rations


   Skills:
 + Level 2.2 Fighting
 * Level 3.1 Polearms
 - Level 1.7 Throwing
 * Level 3.1 Dodging
 * Level 0.8 Stealth


You had one spell level left.
You didn't know any spells.
Your spell library was empty.

Dungeon Overview and Level Annotations

Branches:
Dungeon (2/15)

Altars:


Innate Abilities, Weirdness & Mutations

When hurt, damage is shared between your health and your magic reserves.


Message History

Attack whom?
Press: ? - help, Dir - move target cursor, f - goblin
Aim: a goblin You reach to attack!
You closely miss the goblin. You hit the goblin.
You kill the goblin!
There is a stone staircase leading down here.
Found 10 poisoned needles.
You see here 10 poisoned needles.
The ogre shouts!
The ogre hits you with a giant club!
An adder comes into view.
The adder hisses angrily.
The ogre closely misses you.
You see here 10 poisoned needles.
The adder closely misses you. The adder bites you.
There is a stone staircase leading up here.
The ogre hits you with a giant club!!
Ouch! That really hurt!
You die...

#.#######.####.###.......#
#........................###
#########.####.###..........
#..#...#.......########
#..................... ###
#.####.#.......####### ...
#..........#...# #####...
###...#..O#...# #<.O'...
+...+.S@....# #####...
#...#.(.....# ...
#...#....#..# #..
###.#....#..# .. #....#..#
.. #....#... . #....#.### .
#....#


You could see an ogre and an adder.

Vanquished Creatures
  A dart slug (D:1)
  2 bats (D:1)
  A giant cockroach (D:1)
  3 goblins
  4 hobgoblins (D:1)
  A ball python (D:1)
  4 frilled lizards (D:1)
  5 kobolds (D:1)
  2 rats (D:1)
23 creatures vanquished.

Notes
Turn   | Place    | Note
-------+----------+-------------------------------------------
     0 | D:1      | riteheju the Demonspawn Gladiator began the quest for the Orb.
     0 | D:1      | Reached XP level 1. HP: 16/16 MP: 1/1
     0 | D:1      | Noticed a shadow dragon
     0 | D:1      | Noticed a tentacled monstrosity
     1 | D:1      | Noticed a shadow dragon
     5 | D:1      | Noticed an ice dragon
     7 | D:1      | Noticed an iron dragon
    12 | D:1      | Noticed a shadow dragon
    16 | D:1      | Noticed a shadow dragon
    17 | D:1      | Noticed a tentacled monstrosity
    19 | D:1      | Noticed a purple draconian
    19 | D:1      | Noticed an iron dragon
    21 | D:1      | Noticed an ice dragon
    21 | D:1      | Noticed a tentacled monstrosity
    21 | D:1      | Noticed an iron dragon
    23 | D:1      | Noticed a tentacled monstrosity
    23 | D:1      | Noticed a large abomination
   180 | D:1      | Gained mutation: When hurt, damage is shared between your health and your magic reserves. [demonic ancestry]
   180 | D:1      | Reached XP level 2. HP: 22/22 MP: 2/2
   712 | D:2      | Noticed an ogre
   861 | D:2      | Slain by an ogre

Vault maps used:
D:1:      shiori_arrival_whats_in_store_for_you
D:2:      chequers_ecumenical_altar_twisty

Skill      XL: |  1  2 |
---------------+-------+-----
Dodging        | 3 |  3.1
Polearms       | 3 |  3.1
Fighting       | |  2.2
Throwing       | |  1.7
Stealth        | |  0.8

Action                   || total
-------------------------++-------
Melee: Trident           ||    64
 Stab: Sleeping          ||     2
Armor: Leather armour    ||    12
Dodge: Dodged            ||    36

Table legend:
 A = Spawn XP
 B = Non-spawn XP
 C = Spawn XP percentage of total XP
 D = Spawn monster count
 E = Non-spawn monster count
 F = Spawn count percentage of total count
 G = Total turns spent on level
                    A         B        C        D         E        F      G
               +---------+---------+-------+---------+---------+-------+---------
         Total |       0 |      37 |   0.0 |       0 |      23 |   0.0 |   861
               +---------+---------+-------+---------+---------+-------+---------
           D:1 |       0 |      35 |   0.0 |       0 |      22 |   0.0 |   758
           D:2 |       0 |       2 |   0.0 |       0 |       1 |   0.0 |   103
               +---------+---------+-------+---------+---------+-------+---------
